 Dungeon Crawl Stone Soup version 0.28-a0-1387-g3a22ab9bdc (webtiles) character file.

Game seed: 18056283680843992373

1528 enile the Protected (level 8, -4/61 HPs)
             Began as a Gnoll Wanderer on Jan 2, 2022.
             Was a Believer of the Shining One.
             Slain by a raiju (7 damage)
             ... on level 1 of the Abyss.
             The game lasted 00:11:06 (5309 turns).

enile the Protected (Gnoll Wanderer)                Turns: 5309, Time: 00:11:07

Health: -4/61      AC: 14    Str: 16    XL:     8   Next: 85%
Magic:  10/13      EV:  7    Int:  7    God:    the Shining One [**....]
Gold:   313        SH:  7    Dex: 14    Spells: 14/14 levels left

rFire   . . .      SeeInvis .   h - +4 dagger (speed)
rCold   . . .      Faith    .   (no shield)
rNeg    + . .      Spirit   .   v - +0 plate armour
rPois   +          Reflect  .   (no helmet)
rElec   .          Harm     .   (no cloak)
rCorr   .          Rampage  .   (no gloves)
Will    .....                   (no boots)
Stlth   ..........              p - amulet of regeneration
HPRegen 1.00/turn               q - ring of poison resistance
MPRegen 0.13/turn               (no ring)

@: divinely shielded, about to teleport, glowing
A: fangs 1, strong nose, distributed training
a: Renounce Religion, Divine Shield


You were on level 1 of the Abyss.
You worshipped the Shining One.
The Shining One was pleased with you.
You visited 1 branch of the dungeon, and saw 6 of its levels.
You visited the Abyss 1 time.

You collected 313 gold pieces.

Inventory:

Hand Weapons
 a - a +1 hand axe
 h - a +4 dagger of speed (weapon)
 x - a +0 lajatang
 C - a +0 rapier of protection
Missiles
 l - 5 poisoned darts (quivered)
Armour
 b - a +0 chain mail
 v - a +0 plate armour (worn)
Jewellery
 p - an amulet of regeneration (around neck)
 q - a ring of poison resistance (left hand)
 t - a ring of wizardry
 u - an amulet of reflection
Wands
 i - a wand of polymorph (4)
Scrolls
 c - a scroll of amnesia {unknown}
 d - a scroll of enchant weapon {unknown}
 j - a scroll of fog {unknown}
 m - a scroll of acquirement {unknown}
 n - 6 scrolls of identify {unknown}
 o - a scroll of teleportation
 r - 2 scrolls of fear
 w - a scroll of noise {unknown}
 y - 2 scrolls of silence {unknown}
 B - a scroll of brand weapon {unknown}
Potions
 e - 4 potions of curing {unknown}
 f - 3 potions of ambrosia {unknown}
 g - 3 potions of mutation {unknown}
 k - a potion of attraction {unknown}
 s - a potion of cancellation {unknown}
 z - 2 potions of heal wounds {unknown}


   Skills:
 + Level 4.5 Fighting
 + Level 3.6 Short Blades
 + Level 3.6 Long Blades
 + Level 5.9 Axes
 + Level 3.6 Maces & Flails
 + Level 3.6 Polearms
 + Level 3.6 Staves
 + Level 3.6 Slings
 + Level 3.6 Bows
 + Level 3.6 Crossbows
 + Level 3.6 Throwing
 + Level 9.3 Armour
 + Level 5.9 Dodging
 + Level 4.4 Stealth
 + Level 3.6 Shields
 + Level 3.6 Unarmed Combat
 + Level 3.6 Spellcasting
 + Level 3.0 Conjurations
 + Level 3.0 Hexes
 + Level 3.0 Summonings
 + Level 3.0 Necromancy
 + Level 3.0 Translocations
 + Level 3.0 Transmutations
 + Level 3.0 Fire Magic
 + Level 3.0 Ice Magic
 + Level 3.0 Air Magic
 + Level 3.0 Earth Magic
 + Level 3.0 Poison Magic
 + Level 4.0 Invocations
 + Level 3.6 Evocations


You had 14 spell levels left.
You didn't know any spells.
Your spell library contained the following spells:

 Spells                   Type           Power      Damage    Failure   Level
 Gell's Gravitas          Tloc           5%         N/A       100%        3
 Lesser Beckoning         Tloc           5%         N/A       100%        3
 Teleport Other           Tloc           5%         N/A       100%        3
 Hailstorm                Conj/Ice       5%         3d4       100%        4
 Ice Form                 Ice/Tmut       5%         N/A       100%        4
 Summon Lightning Spire   Summ/Air       5%         N/A       100%        4
 Simulacrum               Ice/Necr       2%         N/A       100%        6
 Storm Form               Tmut/Air       2%         N/A       100%        7
 Maxwell's Capacitive Co  Air            2%         ∞         100%        8


Dungeon Overview and Level Annotations

Branches:
Dungeon (6/15)             Temple (0/1) D:5

Altars:
Kikubaaqudgha
Wu Jian
Xom
Zin
The Shining One


Innate Abilities, Weirdness & Mutations

You have very sharp teeth.
Your uncanny sense of smell can sniff out nearby items.
Your experience applies equally to all skills.


Message History

An ancient zyme comes into view.
You feel yourself growing ill in the presence of the ancient zyme.
Found a jewelled bone wand.
i - a wand of polymorph (4)
A raiju comes into view.
The raiju barks!
You hear a bark!
A raiju comes into view.
The raiju bursts into living lightning!
The living lightning hits you!
The raiju blinks! x2
A raiju comes into view.
You hear a bark!
Okay, then.
As you read the scroll labelled ICOICL NITZEUM, it crumbles to dust.
You feel strangely unstable.
You feel the power of the Abyss delaying your translocation!
It was a scroll of teleportation.
The raiju barks!
The raiju bites you. The raiju shocks you!
The raiju bursts into living lightning!
The living lightning hits you!
The raiju blinks!
The raiju bursts into living lightning!
The living lightning hits the raiju.
The raiju completely resists.
The living lightning misses you.
The raiju blinks! x2
The raiju bursts into living lightning!
The living lightning hits the raiju.
The raiju completely resists.
The living lightning hits you!
The raiju blinks! x2
The raiju bursts into living lightning!
The living lightning hits you.
The raiju blinks! x2
The raiju bursts into living lightning!
The living lightning misses the raiju.
The living lightning hits you!
* * * LOW HITPOINT WARNING * * *
The raiju blinks!
A divine shield forms around you! The raiju bites you.
* * * LOW HITPOINT WARNING * * *
The raiju shocks you!
* * * LOW HITPOINT WARNING * * *
The raiju bites you.
* * * LOW HITPOINT WARNING * * *
The raiju shocks you!
You die...

#..#. ...... # .#
##. .. . #∆..#
#.. (. #...#h#. .
# . .... ...#. #
##.#. . .#.#
######.##.......
#..h.h...).#..
##h@###.##..#.###
#....# .#... ....
#...###.#.. ..#
#...# #.# . ..#
#...# ..§..... #
### #...#>#.....#
.. #...# #....§#.
##### #...#
#...#h.. . ## #
#.....#... .#


You could see 3 raiju.

Vanquished Creatures
  Grinder (D:6)
  Menkaure (D:6)
  An ogre (D:5)
  A sky beast (D:6)
  A necrophage (D:6)
  A centaur (D:5)
  A bullfrog (D:6)
  2 scorpions
  A bullfrog zombie (D:5)
  A jelly (D:6)
  3 hounds
  2 orc priests (D:6)
  2 bullfrog skeletons
  3 iguanas
  3 orc wizards (D:6)
  5 gnolls
  7 adders
  2 white imps
  2 ufetubi
  3 worms (D:2)
  2 dart slugs
  15 orcs
  4 endoplasms
  2 giant cockroaches
  9 hobgoblins
  6 jackals
  11 kobolds
  3 quokkas
  5 ball pythons
  5 bats
  3 frilled lizards
  7 goblins
  4 rats
119 creatures vanquished.

Vanquished Creatures (others)
  5 plants (D:3)
5 creatures vanquished.

Grand Total: 124 creatures vanquished

Notes
Turn   | Place    | Note
-------+----------+-------------------------------------------
     0 | D:1      | enile the Gnoll Wanderer began the quest for the Orb.
     0 | D:1      | enile set off with the following items: a +1 hand axe, a +0
                  | chain mail
     0 | D:1      | Reached XP level 1. HP: 17/17 MP: 1/1
   223 | D:1      | Reached XP level 2. HP: 23/23 MP: 2/2
   349 | D:1      | Found a faded altar of an unknown god.
   414 | D:1      | Prayed at the altar of an unknown god.
   414 | D:1      | Became a worshipper of the Shining One
   414 | D:1      | Reached * piety under the Shining One
   662 | D:1      | You fall into a shaft and drop 1 floor!
   702 | D:2      | Reached XP level 3. HP: 22/28 MP: 3/3
   828 | D:2      | Reached skill level 1 in Invocations
   890 | D:2      | Reached skill level 1 in Short Blades
   890 | D:2      | Reached skill level 1 in Long Blades
   890 | D:2      | Reached skill level 1 in Maces & Flails
   890 | D:2      | Reached skill level 1 in Polearms
   890 | D:2      | Reached skill level 1 in Staves
   890 | D:2      | Reached skill level 1 in Slings
   890 | D:2      | Reached skill level 1 in Bows
   890 | D:2      | Reached skill level 1 in Crossbows
   890 | D:2      | Reached skill level 1 in Throwing
   890 | D:2      | Reached skill level 1 in Shields
   890 | D:2      | Reached skill level 1 in Unarmed Combat
   890 | D:2      | Reached skill level 1 in Spellcasting
   890 | D:2      | Reached skill level 1 in Evocations
   900 | D:2      | Reached XP level 4. HP: 17/34 MP: 5/5
  2063 | D:3      | Reached skill level 1 in Conjurations
  2063 | D:3      | Reached skill level 1 in Hexes
  2063 | D:3      | Reached skill level 1 in Summonings
  2063 | D:3      | Reached skill level 1 in Necromancy
  2063 | D:3      | Reached skill level 1 in Translocations
  2063 | D:3      | Reached skill level 1 in Transmutations
  2063 | D:3      | Reached skill level 1 in Fire Magic
  2063 | D:3      | Reached skill level 1 in Ice Magic
  2063 | D:3      | Reached skill level 1 in Air Magic
  2063 | D:3      | Reached skill level 1 in Earth Magic
  2063 | D:3      | Reached skill level 1 in Poison Magic
  2167 | D:3      | Found a shimmering altar of Xom.
  2185 | D:3      | Reached XP level 5. HP: 34/40 MP: 5/7
  2473 | D:3      | Identified the +7 war axe "Cilesm" {drain, rN+ Will- rCorr
                  | Int+4}
  2503 | D:3      | Found an ornate altar of the Wu Jian Council.
  3034 | D:4      | Reached XP level 6. HP: 47/47 MP: 8/8
  3524 | D:5      | Entered Level 5 of the Dungeon
  3539 | D:5      | Reached skill level 5 in Axes
  3539 | D:5      | Reached skill level 5 in Dodging
  3692 | D:5      | Reached XP level 7. HP: 46/52 MP: 10/10
  3911 | D:5      | Reached ** piety under the Shining One
  3980 | D:5      | Found a staircase to the Ecumenical Temple.
  4054 | D:5      | Found an ancient bone altar of Kikubaaqudgha.
  4054 | D:5      | Found a glowing silver altar of Zin.
  4503 | D:6      | Reached skill level 9 in Armour
  4543 | D:6      | Noticed Menkaure
  4594 | D:6      | Reached XP level 8. HP: 51/60 MP: 12/12
  4706 | D:6      | Noticed Grinder
  4706 | D:6      | Paralysed by Grinder for 6 turns
  4755 | D:6      | Paralysed by Grinder for 5 turns
  4764 | D:6      | Killed Grinder
  4829 | D:6      | Killed Menkaure
  5229 | D:6      | Cast into level 1 of the Abyss (gnoll sergeant)
  5280 | Abyss:1  | Noticed an ancient zyme
  5299 | Abyss:1  | Noticed a raiju
  5299 | Abyss:1  | Noticed a raiju
  5299 | Abyss:1  | Noticed a raiju
  5309 | Abyss:1  | HP: 3/61 [raiju (2)]
  5309 | Abyss:1  | Slain by a raiju

Illustrated notes

Levels and vault maps discovered:
D:1:      minmay_arrival_jagged, layout_basic,
          dreamdust_ecumenical_altar_hidden_monk_grotto
D:2:      layout_rooms
D:3:      layout_basic, mainiacjoe_overflow_cross_hatched, lemuel_crystal_altar,
          solitary_fountain
D:4:      layout_basic, mrwooster_statue_mirror
D:5:      layout_basic, gammafunk_temple_overflow_wave,
          minmay_temple_entry_poolview
D:6:      layout_basic, roderic_malta_cross, grunt_decor_one_mirror,
          corexii_corridor_pit, chequers_serial_rivers_micro_c,
          minmay_crossroads, uniq_menkaure, uniq_grinder
Abyss:1:  base:
D:1

Skill      XL: |  1  2  3  4  5  6  7  8 |
---------------+-------------------------+-----
Invocations    | 1 2 3 4 |  4.0
Short Blades   | 1 2 3 |  3.6
Long Blades    | 1 2 3 |  3.6
Maces & Flails | 1 2 3 |  3.6
Polearms       | 1 2 3 |  3.6
Staves         | 1 2 3 |  3.6
Slings         | 1 2 3 |  3.6
Bows           | 1 2 3 |  3.6
Crossbows      | 1 2 3 |  3.6
Throwing       | 1 2 3 |  3.6
Shields        | 1 2 3 |  3.6
Unarmed Combat | 1 2 3 |  3.6
Spellcasting   | 1 2 3 |  3.6
Evocations     | 1 2 3 |  3.6
Conjurations   | 1 2 3 |  3.0
Hexes          | 1 2 3 |  3.0
Summonings     | 1 2 3 |  3.0
Necromancy     | 1 2 3 |  3.0
Translocations | 1 2 3 |  3.0
Transmutations | 1 2 3 |  3.0
Fire Magic     | 1 2 3 |  3.0
Ice Magic      | 1 2 3 |  3.0
Air Magic      | 1 2 3 |  3.0
Earth Magic    | 1 2 3 |  3.0
Poison Magic   | 1 2 3 |  3.0
Fighting       | 3 4 |  4.5
Stealth        | 3 4 |  4.4
Axes           | 5 |  5.9
Dodging        | 5 |  5.9
Armour         | 9 |  9.3

Action                   |  1- 3 |  4- 6 |  7- 9 || total
-------------------------+-------+-------+-------++-------
Melee: Hand axe          |   102 |    34 |       ||   136
       Bite              |     8 |    16 |    19 ||    43
       Dagger            |       |   163 |   206 ||   369
       Punch             |       |     2 |     2 ||     4
Throw: Dart              |       |     8 |    31 ||    39
       Throwing net      |       |       |     2 ||     2
Invok: Divine Shield     |       |     1 |     1 ||     2
  Use: Potion            |       |       |     3 ||     3
       Scroll            |       |       |     2 ||     2
Armor: Chain mail        |    61 |    74 |     5 ||   140
       Plate armour      |       |       |    67 ||    67
       Skin              |       |       |    10 ||    10
Dodge: Dodged            |    49 |    73 |    36 ||   158
Block: Other             |       |     2 |       ||     2

Table legend: (Time is in decaauts)
 A = Elapsed time spent in this place.
 B = Non-inter-level travel time spent in this place.
 C = Inter-level travel time spent in this place.
 D = Time resting spent in this place.
 E = Time spent auto-exploring this place.
 F = Levels seen in this place.
 G = Mean time per level.
                   A        B        C        D        E       F      G
               +--------+--------+--------+--------+--------+-----+--------+
         Total |   5161 |   5004 |    157 |    211 |   3828 |   7 |  737.3 |
       Dungeon |   5082 |   4925 |    157 |    181 |   3828 |   6 |  847.0 |
         Abyss |     79 |     79 |      0 |     30 |      0 |   1 |   79.0 |
               +--------+--------+--------+--------+--------+-----+--------+

Top non-repeatable levels by time:
     D:1: 1149 daAuts
     D:5: 923 daAuts
     D:2: 917 daAuts
     D:4: 844 daAuts
     D:6: 674 daAuts
     D:3: 574 daAuts
 Abyss:1: 79 daAuts
